cohdb
Replays
Latest Replays
All Replays
Popular Replays
Top Player Replays
Match Explorer
How It Works
Community
CoH3 Stats
Reddit
Sign in to upload your games and track your stats! →
Sign in with Steam
Match 37984490
Unlisted
Match 37984490
Overview
Messages
Build Orders
End
Pioneer Squad
Selects Mechanized Battlegroup
Construct Infanterie Kompanie
Construct Infanterie Kompanie
Construct Infanterie Kompanie
Grenadier Squad
GrW 34 Mortar Team
MG 42 Bunker
Construct Panzergrenadier Kompanie
Panzergrenadier Squad
Panzergrenadier Squad
Selects Mobile Repair Stations
Medical Bunker
Pak 40 Anti-tank Gun Team
Construct Panzer Kompanie
Panzer IV Medium Tank
Selects Wespe Self-propelled Artillery
Pioneer Squad
Wespe Self-propelled Artillery
Wespe Self-propelled Artillery
Pak 40 Anti-tank Gun Team
Es ist "Schmerz"
Pumares
Titus Pullo
tombieniek1979
SneaKerz
gb_gbg
0
0
Comments
sign in to comment!
No comments posted yet!